Map: Shrines of Lizul

Players

Atomicdomb

  • Race: Zerg Zerg
  • League: Diamond
  • Spawn Location: 6:00

BarracksBois

  • Race: Terran Terran
  • Spawn Location: 9:00

CountTutu - Winner!

  • Race: Protoss Protoss
  • League: Diamond
  • Spawn Location: 12:00

PureLegacy - Winner!

  • Race: Terran Terran
  • Spawn Location: 3:00

VOD

Have the link to the VOD?

Description

Time

  • Played on: Nov. 27, 2018, 12:57 p.m.
  • Length: 4:44
Show
View Real Time Build Order
Export as new Build Order

Atomicdomb Zerg 

Build Orders: Pool Only, Ravager All-In 

Get SALT Encoding   

  12  0:19  Spawning Pool  
  11  0:24  Drone  
  12  0:28  Drone  
  12  0:34  Drone  
  14  0:39  Extractor  
  13  0:45  Drone  
  14  0:54  Extractor  
  13  0:57  Drone  
  14  1:07  Roach Warren  
  14  1:08  Zergling x2  
  14  1:29  Overlord  
  14  1:48  Roach x3  
  20  2:01  Overlord  
  20  2:12  Ravager x2  
  21  2:28  Roach x2  
  25  2:35  Ravager  
  26  2:53  Roach x2  
  26  2:54  Overlord  
  30  3:18  Roach x2  
  25  3:37  Roach x2  
  25  3:50  Ravager  
  25  3:55  Roach  
  24  4:09  Roach x2  
  28  4:13  Ravager  
  27  4:24  Roach  
Show
View Real Time Build Order
Export as new Build Order

BarracksBois Terran 

Build Orders:  

Get SALT Encoding   

  12  0:01  SCV  
  13  0:13  SCV  
  14  0:23  Supply Depot  
  14  0:25  SCV  
  15  0:45  SCV  
  16  0:56  Barracks  
  16  1:01  Supply Depot  
  16  1:05  Barracks  
  16  1:13  Barracks  
  16  1:24  Barracks  
  16  1:43  Marine  
  17  1:53  Marine  
  18  2:00  Supply Depot, Marine  
  18  2:01  Marine  
  20  2:10  Marine  
  20  2:12  Marine  
  22  2:18  Marine  
  22  2:19  Marine  
  24  2:28  Marine  
  25  2:30  Marine  
  25  2:36  Marine  
  25  2:37  Marine  
  27  2:46  Marine  
  27  2:48  Marine  
  29  2:54  Marine x2  
  30  3:04  Marine  
  29  3:06  Marine  
  29  3:11  Marine  
  29  3:12  Marine  
  28  3:22  Marine  
  28  3:23  Marine  
  30  3:29  Marine  
  30  3:30  Marine  
  29  3:39  Marine  
  29  3:41  Marine  
  29  3:47  Marine  
  29  3:48  Marine  
  30  3:57  Marine  
  30  3:59  Marine  
  29  4:05  Marine  
  29  4:06  Marine  
  28  4:15  Marine  
  28  4:17  Marine  
  28  4:23  Marine x2  
Show
View Real Time Build Order
Export as new Build Order

CountTutu Protoss - Winner!

Build Orders:  

Get SALT Encoding   

  12  0:01  Probe  
  13  0:13  Probe  
  14  0:19  Pylon  
  14  0:25  Probe  
  15  0:35  Probe  
  15  0:37  Gateway  
  16  0:44  Probe  
  17  0:59  Probe  
  17  1:01  Assimilator  
  18  1:08  Gateway  
  18  1:11  Probe  
  19  1:23  Probe, Pylon  
  20  1:32  Cybernetics Core  
  20  1:36  Probe  
  21  1:45  Zealot  
  21  1:48  Probe  
  21  1:49  Pylon  
  24  1:59  Adept  
  24  2:05  Assimilator  
  26  2:16  Adept  
  26  2:19  Probe  
  29  2:30  Robotics Facility  
  29  2:48  Shield Battery  
  29  2:49  Stalker  
  29  2:54  Stalker  
  31  3:10  Immortal  
  31  3:19  Stalker  
  33  3:36  Stalker  
  33  3:40  Pylon  
  35  4:02  Immortal  
  39  4:05  Probe  
Show
View Real Time Build Order
Export as new Build Order

PureLegacy Terran - Winner!

Build Orders:  

Get SALT Encoding   

  12  0:00  SCV  
  13  0:12  SCV  
  14  0:17  Supply Depot  
  14  0:25  SCV  
  15  0:29  Refinery  
  15  0:39  SCV  
  16  0:46  Barracks  
  16  0:51  SCV  
  17  1:04  Barracks  
  17  1:17  Barracks  
  17  1:22  SCV  
  18  1:34  Reaper  
  19  1:40  Orbital Command  
  19  1:48  Refinery  
  19  1:52  Reaper  
  20  2:01  Supply Depot  
  20  2:05  Reaper  
  21  2:10  Reaper  
  22  2:22  Barracks  
  22  2:26  Reaper  
  23  2:37  Barracks  
  23  2:39  Reaper  
  24  2:48  Reaper  
  25  2:52  Supply Depot  
  23  3:13  Reaper  
  23  3:19  Reaper  
  22  3:26  Reaper  
  22  3:38  SCV  
  22  3:41  Reaper x2  
  25  3:51  Reaper  
  26  3:59  Reaper x2  
  28  4:10  SCV  
  28  4:14  Supply Depot  
Tags
 
Add a new tag
Caveats
  • Supply blocks, unpowered buildings, or Contaminate may cause inaccurate times.
  • Supply counts are checked every 10 seconds.